Map: Alcyone LE

Players

hetmit

  • Race: Zerg Zerg
  • League: Platinum
  • Spawn Location: 1:00

Subwayeatn - Winner!

  • Race: Zerg Zerg
  • League: Platinum
  • Spawn Location: 7:00

VOD

Have the link to the VOD?

Description

Time

  • Played on: Nov. 13, 2023, 8:04 p.m.
  • Length: 3:37
Show
View Real Time Build Order
Export as new Build Order

hetmit Zerg 

Build Orders: Pool Only 

Get SALT Encoding   

  12  0:01  Drone  
  13  0:13  Overlord  
  13  0:17  Drone  
  14  0:35  Spawning Pool  
  13  0:38  Drone  
  14  0:43  Drone  
  14  0:48  Drone  
  16  0:51  Extractor  
  15  1:01  Drone x2  
  17  1:12  Overlord  
  17  1:24  Zergling x2  
  18  1:33  Zergling x2  
  19  1:46  Zergling x2  
  20  1:53  Metabolic Boost  
  20  1:58  Zergling x2  
  21  2:07  Zergling x2  
  22  2:21  Zergling x2  
  20  2:26  Zergling x2  
  21  2:37  Zergling x2  
  22  2:49  Zergling x2  
  18  3:04  Zergling x2  
  17  3:10  Zergling x2  
  18  3:19  Spine Crawler  
Show
View Real Time Build Order
Export as new Build Order

Subwayeatn Zerg - Winner!

Build Orders: Pool First 

Get SALT Encoding   

  12  0:00  Drone  
  13  0:10  Drone  
  14  0:15  Extractor  
  13  0:30  Spawning Pool  
  12  1:07  Hatchery  
  11  1:17  Queen  
  13  1:25  Overlord  
  13  1:34  Metabolic Boost  
  13  1:41  Zergling x2  
  14  1:50  Zergling x4  
  16  1:56  Zergling x2  
  17  2:04  Zergling x2  
  18  2:23  Zergling x2  
  18  2:24  Zergling x2  
  18  2:29  Queen  
  22  2:31  Overlord  
  22  2:37  Zergling x2  
  23  2:40  Zergling x2  
  24  2:51  Zergling x4  
  22  3:00  Zergling x4  
Tags
 
Add a new tag
Caveats
  • Supply blocks, unpowered buildings, or Contaminate may cause inaccurate times.
  • Supply counts are checked every 10 seconds.